 Dungeon Crawl Stone Soup version 0.30.1-1-g62c8e00024 (webtiles) character file.

Game seed: 13350449655710293924

6 Gorgoleon the Ducker (level 1, -5/16 HPs)
             Began as a Merfolk Gladiator on July 17, 2023.
             Slain by a gnoll
             ... wielding a +0 whip
              (7 damage)
             ... on level 1 of the Dungeon.
             The game lasted 00:00:42 (171 turns).

Gorgoleon the Ducker (Merfolk Gladiator)             Turns: 171, Time: 00:00:42

Health: -5/16      AC:  4    Str: 14    XL:     1   Next: 90%
Magic:  1/1        EV: 13    Int:  7    God:
Gold:   36         SH:  0    Dex: 15    Spells: 0/0 levels left

rFire   . . .        a - +0 long sword
rCold   . . .        (no shield)
rNeg    . . .        b - +0 leather armour
rPois   .            c - +0 helmet
rElec   .            (no cloak)
rCorr   .            (no gloves)
SInv    .            (no boots)
Will    .....        (no amulet)
Stlth   +            (no ring)
HPRegen 0.22/turn    (no ring)
MPRegen 0.07/turn

%: no passive effects
@: no status effects
A: (nimble swimmer 2), mertail
a: no special abilities


You were on level 1 of the Dungeon.
You visited 1 branch of the dungeon, and saw 1 of its levels.

You collected 36 gold pieces.

Inventory:

Hand Weapons
 a - a +0 long sword (weapon)
Missiles
 d - 3 throwing nets (quivered)
 e - a javelin
Armour
 b - a +0 leather armour (worn)
 c - a +0 helmet (worn)
Scrolls
 f - a scroll of identify {unknown}
 g - a scroll of enchant weapon {unknown}


   Skills:
 + Level 2.3 Fighting
 + Level 3.9 Long Blades
 - Level 2.0 Throwing
 * Level 0.3 Armour
 - Level 4.0 Dodging


You couldn't memorise any spells.
You didn't know any spells.
Your spell library was empty.

Dungeon Overview and Level Annotations

Branches:
Dungeon (1/15)

Altars:


Innate Abilities, Weirdness & Mutations

((You are very nimble when in or above water. (Stealth+, EV+, Speed+++)))
Your lower body shifts to a powerful aquatic tail in water.


Message History

The hobgoblin is lightly wounded.
The hobgoblin misses you. The hobgoblin barely misses you.
You barely miss the hobgoblin.
The hobgoblin is lightly wounded.
The hobgoblin hits you.
You closely miss the hobgoblin.
The hobgoblin is lightly wounded.
The hobgoblin misses you.
You hit the hobgoblin.
You kill the hobgoblin!
You closely miss the kobold. The kobold hits you but does no damage.
You hit the kobold but do no damage. The kobold barely misses you.
The kobold misses you.
You slash the kobold!
You kill the kobold!
Things that are here:
a +0 dagger; 5 stones; a kobold corpse
Things that are here:
a +0 dagger; a goblin corpse A gnoll comes into view.
It is wielding a +0 whip.
You barely miss the gnoll. The gnoll hits you with a +0 whip.
You closely miss the gnoll. The gnoll closely misses you.
You barely miss the gnoll. The gnoll barely misses you.
The gnoll closely misses you.
You closely miss the gnoll. The gnoll barely misses you.
You hit the gnoll.
The gnoll is lightly wounded.
The gnoll hits you with a +0 whip.
You closely miss the gnoll.
The gnoll is lightly wounded.
The gnoll hits you with a +0 whip.
You hit the gnoll.
The gnoll is moderately wounded.
The gnoll barely misses you.
You closely miss the gnoll.
The gnoll is moderately wounded.
The gnoll hits you with a +0 whip.
* * * LOW HITPOINT WARNING * * *
The gnoll hits you with a +0 whip!
You die...

#.. ..# #.# #.# #.#
#.#### ## #.# #.... .#
#.#######..####.#
#..)....#........
#..#...........#
#.#####..#)#.......#.#.
#....g@..#.#.#...#.#.#.
#....##..#.#.#.#.#.#.#.
..... #..#.#.#.#.#.#.#.
.... #..#.#.#...#.#.#.
... #..#.#.......#.#.
.. #..#.. ........#. .
#.......##....... .####
#.#..... #.######


You could see a gnoll.

Vanquished Creatures
  A goblin (D:1)
  A hobgoblin (D:1)
  A kobold (D:1)
  A ball python (D:1)
  2 rats (D:1)
6 creatures vanquished.

Notes
Turn   | Place    | Note
-------+----------+-------------------------------------------
     0 | D:1      | Gorgoleon the Merfolk Gladiator began the quest for the
                  | Orb.
     0 | D:1      | Reached XP level 1. HP: 16/16 MP: 1/1
   171 | D:1      | Slain by a gnoll

Illustrated notes

Levels and vault maps discovered:
D:1:      elethiomel_arrival_maze, layout_basic, minmay_misc_feat_more_columns

Action                     || total
---------------------------++-------
  Melee: Long sword        ||    33
 Armour: Leather armour    ||     3
  Dodge: Dodged            ||    28
